 Dungeon Crawl Stone Soup version 0.29.0-13-gc9e81de378 (webtiles) character file.

Game seed: 11030080109936484793

1962 MisterFreud the Basher (level 9, -2/55 HPs)
             Began as a Gargoyle Fighter on Sept 10, 2022.
             Was a Believer of Okawaru.
             Killed by divine providence
             ... invoked by an orc priest
              (13 damage)
             ... on level 6 of the Dungeon.
             The game lasted 00:06:20 (5292 turns).

MisterFreud the Basher (Gargoyle Fighter)           Turns: 5292, Time: 00:06:21

Health: -2/55      AC: 17    Str: 24    XL:     9   Next: 19%
Magic:  12/12      EV:  9    Int:  9    God:    Okawaru [**....]
Gold:   396        SH:  9    Dex:  9    Spells: 8/8 levels left

rFire   . . .      SeeInvis .   h - +7 club (freeze)
rCold   . . .      Faith    .   c - +0 buckler
rNeg    + . .      Spirit   .   b - +0 scale mail
rPois   ∞          Reflect  +   f - +0 helmet
rElec   +          Harm     .   G - +1 cloak
rCorr   .          Rampage  .   (no gloves)
Will    .....                   (no boots)
Stlth   ..........              k - amulet of reflection
HPRegen 0.18/turn               (no ring)
MPRegen 0.13/turn               (no ring)

@: no status effects
A: sickness immunity, AC +6, negative energy resistance 1, electricity
resistance, torment resistance 1, petrification resistance
a: Renounce Religion, Heroism


You were on level 6 of the Dungeon.
You worshipped Okawaru.
Okawaru was pleased with you.
You visited 2 branches of the dungeon, and saw 7 of its levels.
You also visited: Ossuary.

You collected 396 gold pieces.

Inventory:

Hand Weapons
 a - a +0 flail
 h - a +7 club of freezing (weapon)
Missiles
 i - 9 poisoned darts (quivered)
 l - 6 javelins
 r - 4 boomerangs
Armour
 b - a +0 scale mail (worn)
 c - a +0 buckler (worn)
 f - a +0 helmet (worn)
 s - a +0 chain mail
 G - a +1 cloak (worn)
Jewellery
 k - an amulet of reflection (around neck)
 n - an amulet of faith
 D - a +6 ring of dexterity
 F - a ring of see invisible
Wands
 m - a wand of flame (31)
 H - a wand of digging (4)
Scrolls
 g - a scroll of blinking
 j - 5 scrolls of teleportation
 y - a scroll of fog
 C - a scroll of poison
 E - a scroll of fear
Potions
 d - 3 potions of might
 e - 6 potions of curing
 o - 3 potions of flight
 p - 2 potions of degeneration {unknown}
 q - 3 potions of heal wounds
 t - a potion of magic {unknown}
 u - a potion of invisibility {unknown}
 v - 2 potions of mutation {unknown}
 w - a potion of ambrosia {unknown}
 x - a potion of lignification {unknown}
 z - a potion of berserk rage {unknown}
 A - a potion of brilliance {unknown}
 B - 2 potions of attraction


   Skills:
 - Level 6.0 Fighting
 - Level 9.0 Maces & Flails
 - Level 6.0 Armour
 - Level 4.0 Shields
 + Level 4.1 Invocations


You had 8 spell levels left.
You didn't know any spells.
Your spell library contained the following spells:

 Spells                   Type           Power      Damage    Failure   Level
 Freeze                   Ice            0%         1d3       77%         1
 Sandblast                Erth           0%         2d4       77%         1
 Passwall                 Tmut/Erth      0%         N/A       88%         2
 Confusing Touch          Hex            0%         N/A       98%         3
 Frozen Ramparts          Ice            0%         1d1       98%         3
 Stone Arrow              Conj/Erth      0%         3d7       98%         3
 Summon Mana Viper        Hex/Summ       Unusable   N/A       N/A         5

Dungeon Overview and Level Annotations

Branches:
Dungeon (6/15)             Temple (1/1) D:5         Ossuary (visited)

Altars:
Cheibriados
Elyvilon
Hepliaklqana
Makhleb
Okawaru
Ru
Trog
Wu Jian
Zin

Shops:
D:5 (

Annotations:
D:4 3 runed translucent doors, Arum's ghost, amateur DsGl


Innate Abilities, Weirdness & Mutations

You are immune to sickness and miasma.
Your stone body is resilient. (AC +6)
You are immune to poison.
You resist negative energy. (rN+)
You are resistant to electric shocks. (rElec)
You are resistant to unholy torment.
You are immune to petrification.


Message History

An orc comes into view. It is wielding a +0 mace.
The orc moves out of view.
There are monsters nearby!
An orc comes into view. It is wielding a +0 dagger.
The orc shouts! x2
The orc wizard gestures wildly while chanting.
The orc wizard flickers and vanishes!
Deactivating autopickup; reactivate with Ctrl-A.
The orc moves out of view.
An orc priest and a steam dragon come into view.
The orc priest shouts!
The steam dragon hisses angrily.
An orc wizard comes into view. It is wielding a +0 dagger.
An orc comes into view. It is wielding a +0 whip.
The orc priest calls down the wrath of Beogh upon you.
Beogh smites you! The steam dragon breathes steam at you.
The ball of steam hits you!
You hit the orc. You freeze the orc.
The orc is heavily wounded.
You are engulfed in a cloud of scalding steam.
The orc hits you but does no damage.
You hit the orc but do no damage.
The orc is heavily wounded.
You are engulfed in a cloud of scalding steam.
You hear some strange, mumbled words.
A magic dart appears from out of thin air!
The magic dart hits you.
* * * LOW HITPOINT WARNING * * *
The orc barely misses you.
A magic dart appears from out of thin air!
The magic dart hits you.
* * * LOW HITPOINT WARNING * * *
The orc barely misses you.
The orc wizard gestures wildly while chanting.
The orc wizard flickers and vanishes!
The orc is engulfed in a cloud of scalding steam.
The orc dies!
The orc priest calls down the wrath of Beogh upon you.
Beogh smites you!
You die...

.###.........
.............
.###.........
.###.##...##) .#########
...........# .........#
#######################.#
.........o.......###.###
#...#...#...#...#......#
#
......)oo..o.@....####.#
# #...#...#D..#...### #.#
# .................# #.#
#####################
##.## #.#...###.# ##...##
.†......#.# #...#.#
..##.##.#.# ##.#.##
####.##.#.# #..##
#......# #######.##


You could see a steam dragon, an orc priest and 3 orcs.

Vanquished Creatures
  Pikel (D:6)
  Menkaure (D:6)
  Duvessa (D:4)
  2 black bears
  An ogre (D:6)
  A lemure (D:6)
  A scorpion (D:5)
  7 water moccasin zombies (Ossuary)
  A necrophage (D:6)
  Dowan (D:4)
  6 hounds
  2 jellies (D:5)
  An iguana (D:6)
  2 mummies (Ossuary)
  Robin (D:3)
  A gnoll (D:3)
  4 adders
  2 white imps (D:5)
  2 adder zombies (Ossuary)
  A worm (D:4)
  10 orcs
  10 ball pythons
  6 endoplasms
  3 giant cockroaches
  2 gnoll zombies (Ossuary)
  10 goblins
  4 hobgoblins
  2 kobolds
  3 quokkas
  3 bats
  2 frilled lizards
  7 hobgoblin zombies (Ossuary)
  2 kobold zombies (Ossuary)
  5 orc zombies (Ossuary)
  4 rats
112 creatures vanquished.

Vanquished Creatures (others)
  An orc (D:6)
1 creature vanquished.

Grand Total: 113 creatures vanquished

Notes
Turn   | Place    | Note
-------+----------+-------------------------------------------
     0 | D:1      | MisterFreud the Gargoyle Fighter began the quest for the
                  | Orb.
     0 | D:1      | Reached XP level 1. HP: 14/14 MP: 1/1
   331 | D:1      | Reached XP level 2. HP: 19/19 MP: 2/2
   382 | D:1      | Found a faded altar of an unknown god.
   445 | D:1      | Reached skill level 3 in Maces & Flails
   802 | D:2      | Identified the +2 robe of Fiacli {rPois Str+3 Int+3}
   845 | D:2      | Reached XP level 3. HP: 23/23 MP: 3/3
  1725 | D:3      | Reached skill level 4 in Maces & Flails
  1754 | D:3      | Reached XP level 4. HP: 26/28 MP: 4/4
  1853 | D:3      | Noticed Robin
  1866 | D:3      | Killed Robin
  2191 | D:4      | Found a sand-covered staircase.
  2196 | Ossuary  | Entered an ossuary
  2232 | Ossuary  | Reached skill level 5 in Maces & Flails
  2232 | Ossuary  | Reached XP level 5. HP: 19/32 MP: 5/5
  2395 | Ossuary  | Reached skill level 6 in Maces & Flails
  2395 | Ossuary  | Reached XP level 6. HP: 34/37 MP: 6/6
  2446 | Ossuary  | Reached skill level 7 in Maces & Flails
  2503 | Ossuary  | Reached XP level 7. HP: 37/41 MP: 7/7
  2876 | D:4      | Reached skill level 8 in Maces & Flails
  2938 | D:4      | Noticed Duvessa
  2944 | D:4      | Noticed Dowan
  2949 | D:4      | Killed Duvessa
  2956 | D:4      | Killed Dowan
  3249 | D:4      | Found a runed translucent gate.
  3250 | D:4      | Found a runed translucent gate.
  3251 | D:4      | Found a runed translucent gate.
  3251 | D:4      | Noticed Arum's ghost (amateur DsGl)
  3483 | D:4      | Reached skill level 9 in Maces & Flails
  3483 | D:4      | Reached XP level 8. HP: 46/46 MP: 8/8
  3699 | D:5      | Entered Level 5 of the Dungeon
  3699 | D:5      | Found Omiozais's Weapon Shoppe.
  3770 | D:5      | Found a staircase to the Ecumenical Temple.
  3798 | Temple   | Entered the Ecumenical Temple
  3865 | Temple   | Became a worshipper of Warmaster Okawaru
  3989 | D:5      | Got the Almanac of Curses and Hypothermia
  3990 | D:5      | Found an ornate altar of the Wu Jian Council.
  4386 | D:6      | Noticed Menkaure
  4403 | D:6      | Killed Menkaure
  4707 | D:6      | Reached * piety under Okawaru
  4708 | D:6      | Reached skill level 5 in Fighting
  4708 | D:6      | Reached skill level 5 in Armour
  4905 | D:6      | Noticed Pikel
  4929 | D:6      | Killed Pikel
  4930 | D:6      | Reached XP level 9. HP: 16/55 MP: 8/11
  5202 | D:6      | Reached ** piety under Okawaru
  5292 | D:6      | Killed from afar by an orc priest

Illustrated notes

Levels and vault maps discovered:
D:1:      lightli_arrival_windingriver, layout_rooms,
          ebering_ecumenical_altar_rust
D:2:      layout_basic
D:3:      layout_basic, amcnicky_mini_pool_small, minmay_cut_off, uniq_robin
D:4:      layout_loops_cross, enter_ossuary_2, gammafunk_ghost_nasty_kobolds,
          uniq_duvessa
D:5:      layout_rooms, nzn_wu_jian_contemplation, minmay_temple_entry_wispy,
          serial_shops, nicolae_diamond_shop
D:6:      layout_loops_cross, grunt_temple_overflow_open,
          lemuel_coloured_pillars_altar, serial_glass, glass_columns_b,
          glass_columns_c, uniq_pikel, uniq_menkaure
Temple:   regret_index_temple_sphere_string

Skill      XL: |  1  2  3  4  5  6  7  8  9 |
---------------+----------------------------+-----
Maces & Flails | 3 4 5 6 7 9 |  9.0
Armour         | 6 |  6.0
Shields        | 4 |  4.0
Fighting       | 6 |  6.0
Invocations    | 3 4 |  4.1

Action                   |  1- 3 |  4- 6 |  7- 9 || total
-------------------------+-------+-------+-------++-------
Melee: Flail             |    97 |    35 |       ||   132
       Club              |       |   100 |   196 ||   296
  Use: Scroll            |     1 |     8 |     6 ||    15
Armor: Scale mail        |    52 |    74 |    72 ||   198
Dodge: Dodged            |    68 |    44 |    53 ||   165
Block: Buckler           |    13 |    26 |    52 ||    91
       Reflection        |       |       |     6 ||     6
